 Dungeon Crawl Stone Soup version 0.20-a0-331-g5b3579f (webtiles) character file.

60 dondy the Skirmisher (level 3, 0/29 HPs)
             Began as a Demonspawn Abyssal Knight on Dec 21, 2016.
             Was a Follower of Lugonu.
             Succumbed to an adder's poison
             ... on level 2 of the Dungeon.
             The game lasted 00:03:18 (1694 turns).

dondy the Skirmisher (Demonspawn Abyssal Knight)    Turns: 1694, Time: 00:03:19

Health: 0/29       AC:  3    Str: 13    XL:     3   Next: 82%
Magic:  4/4        EV: 11    Int: 13    God:    Lugonu [*.....]
Gold:   64         SH:  0    Dex: 12    Spells: 2/2 levels left

rFire  + . .     SeeInvis .     a - +1 falchion
rCold  . . .     Gourm    .     b - +0 leather armour
rNeg   . . .     Faith    .     (no shield)
rPois  .         Spirit   .     (no helmet)
rElec  .         Reflect  .     (no cloak)
rCorr  .         Harm     .     (no gloves)
MR     .....                    (no boots)
Stlth  +.........               (no amulet)
                                (no ring)
                                (no ring)

@: lethally poisoned (0 -> -2)
A: hooves 1, fire resistance 1
a: Depart the Abyss, Renounce Religion


You were on level 2 of the Dungeon.
You worshipped Lugonu.
Lugonu was aware of your devotion.
You were hungry.

You visited 1 branch of the dungeon, and saw 2 of its levels.
You visited the Abyss 1 time.

You collected 64 gold pieces.

Inventory:

Hand Weapons
 a - a +1 falchion (weapon)
Armour
 b - a +0 leather armour (worn)
Scrolls
 d - a scroll of identify {unknown}
 e - a scroll of amnesia {unknown}
 g - a scroll of teleportation {unknown}
Comestibles
 c - 2 bread rations


   Skills:
 + Level 3.6 Fighting
 + Level 2.7 Long Blades
 + Level 2.1 Armour
 + Level 1.2 Dodging
 + Level 2.5 Invocations


You had 2 spell levels left.
You didn't know any spells.

Dungeon Overview and Level Annotations

Branches:
Dungeon (2/15)

Altars:


Innate Abilities, Weirdness & Mutations

You have large cloven feet.
Your flesh is heat resistant. (rF+)


Message History

* * * LOW HITPOINT WARNING * * *
You hit the worm.
The worm is almost dead.
* * * LOW HITPOINT WARNING * * *
You feel sick.
You hit the worm.
You kill the worm!
Lugonu accepts your kill.
Things that are here:
a dagger; a giant cockroach corpse; an adder corpse Butcher a giant cockroach corpse? [(y)es/(c)hoosy/(n)o/(a)ll/(e)dible/(q)uit/?]
You butcher the giant cockroach corpse.
You stop butchering the corpse.
* * * LOW HITPOINT WARNING * * *
You feel sick.
You aren't carrying any potions.
There is a lethal amount of poison in your body!
There is a lethal amount of poison in your body!
* * * LOW HITPOINT WARNING * * *
You feel sick.
You die...

#..##...##
#..#.....## #
#...#...#.##.#
#...##.....#?#
#<...........#.#
####.##.........
#..........###
#.##.##)...# #
##.@#...#
#.###...#####
#.# #.†......#
## #?......>..
#........)#
##........#
..........
.......>..#
...........


There were no monsters in sight!

Vanquished Creatures
  An adder (D:2)
  An ooze (D:2)
  A worm (D:2)
  A dart slug (D:2)
  3 leopard geckos
  5 giant cockroaches
  A hobgoblin (D:1)
  4 jackals (D:1)
  A quokka (D:2)
  5 bats
  3 frilled lizards
  5 goblins
  4 kobolds
  3 rats
38 creatures vanquished.

Notes
Turn   | Place    | Note
-------+----------+-------------------------------------------
     0 | Abyss:1  | dondy the Demonspawn Abyssal Knight began the quest for the Orb.
     0 | Abyss:1  | Reached XP level 1. HP: 18/18 MP: 2/2
     0 | D:1      | Escaped the Abyss
   505 | D:1      | Gained mutation: Your flesh is heat resistant. (rF+) [demonic ancestry]
   505 | D:1      | Reached XP level 2. HP: 20/24 MP: 3/3
   645 | D:1      | Reached * piety under Lugonu
   645 | D:1      | Reached skill level 1 in Dodging
   945 | D:1      | You fall through a shaft!
  1258 | D:1      | Gained mutation: You have large cloven feet. [demonic ancestry]
  1258 | D:1      | Reached XP level 3. HP: 27/29 MP: 4/4
  1690 | D:2      | HP: 1/29 [poisoned by an adder]
  1694 | D:2      | Succumbed to an adder's poison

Vault maps used:
D:1:      saegor_arrival_simple_c, grunt_decor_cap
D:2:      minmay_pentomino_r4
Abyss:1:  hangedman_abyss_exit_choices

Skill      XL: |  1  2 |
---------------+-------+-----
Armour         | 2 |  2.1
Dodging        | 1 |  1.2
Long Blades    | 2 |  2.7
Fighting       | |  3.6
Invocations    | |  2.5

Action                   || total
-------------------------++-------
Melee: Falchion          ||   111
       Kick              ||    13
Invok: Depart the Abyss  ||     1
  Eat: Chunk             ||     2
Armor: Leather armour    ||    44
Dodge: Dodged            ||    82
       Rpst.: Falchion   ||    24
